 Dungeon Crawl Stone Soup version 0.31-a0-188-g5e087ee2ca (webtiles) character file.

Game seed: 10917102487626384008

3076 qw the Markself (level 9, -1/52 HPs)
             Began as a Deep Elf Hunter on June 22, 2023.
             Slain by an orange demon (2 damage)
             ... led by Amaemon
             ... on level 8 of the Dungeon.
             The game lasted 00:02:32 (8068 turns).

qw the Markself (Deep Elf Hunter)                   Turns: 8068, Time: 00:02:33

Health: -1/52      AC: 10    Str: 16    XL:     9   Next: 58%
Magic:  26/26      EV: 14    Int: 15    God:
Gold:   394        SH:  0    Dex: 20    Spells: 8/8 levels left

rFire   + . .        Y - +1 arbalest (drain)
rCold   . . .        (shield currently unavailable)
rNeg    . . .        f - +0 swamp dragon scales
rPois   +            (no helmet)
rElec   .            g - +0 cloak
rCorr   .            l - +0 pair of gloves
SInv    .            b - +0 pair of boots
Will    .....        q
                       - Hermit's Pendant {Faith Invo=14 Evo=0 MP+5}
Stlth   +            n - +6 ring of strength
HPRegen 0.28/turn    r - ring of protection from fire
MPRegen 0.20/turn

%: faith
@: about to teleport
A: no striking features
a: no special abilities


You were on level 8 of the Dungeon.
You visited 2 branches of the dungeon, and saw 9 of its levels.
You also visited: Sewer.

You collected 394 gold pieces.


   Skills:
 - Level 4.0 Fighting
 + Level 15.2 Ranged Weapons
 - Level 2.0 Armour
 - Level 6.6 Dodging
 - Level 1.2 Stealth


You had 8 spell levels left.
You didn't know any spells.
Your spell library was empty.

Inventory:

Hand Weapons
 Y - a +1 arbalest of draining (weapon)
Armour
 b - a +0 pair of boots (worn)
 f - +0 swamp dragon scales (worn)
 g - a +0 cloak (worn)
 l - a +0 pair of gloves (worn)
Jewellery
 n - a +6 ring of strength (left hand)
 q - the Hermit's Pendant (around neck) {Faith Invo=14 Evo=0 MP+5}
   (You found it on level 5 of the Dungeon)

   [amulet of faith]

   Invo=14: It sets your Invocations skill to 14.
   Evo=0: It sets your Evocations skill to 0.
   It allows you to gain divine favour quickly.
   MP:        It affects your magic capacity (+5).
 r - a ring of protection from fire (right hand)
Scrolls
 m - 2 scrolls of identify
Potions
 c - a potion of resistance
 d - 4 potions of curing
 h - a potion of heal wounds {unknown}
 i - a potion of haste
 j - 2 potions of mutation {unknown}
 k - a potion of might {unknown}
 o - a potion of ambrosia {unknown}
 p - a potion of lignification {unknown}

Dungeon Overview and Level Annotations

Branches:
Dungeon (8/15)             Temple (1/1) D:4           Sewer (visited)
   Lair: D:8-11

Altars:
Ashenzari
Cheibriados
Dithmenos
Elyvilon
Fedhas
Gozag
Hepliaklqana
Kikubaaqudgha
Makhleb
Nemelex Xobeh
Ru
Sif Muna
Uskayaw
Vehumet
Wu Jian
Xom
Yredelemnul
The Shining One

Shops:
D:1 (   D:5 *   D:7 :

Annotations:
D:8 Amaemon


Message History

The orange demon barely misses you.
You shoot a bolt.
The bolt closely misses the orc warrior.
The orc wizard gestures at you while chanting.
The puff of flame hits you. You resist. The orc warrior barely misses you.
The orange demon misses you.
The orc warrior hits you with a +0 dire flail!
You shoot a bolt. The bolt barely misses the orc warrior.
The orc wizard hits you with a +0 dagger.
The orc warrior hits you but does no damage.
You shoot a bolt. The bolt hits the orc warrior.
You drain the orc warrior.
The orc warrior is almost dead.
The orc wizard barely misses you.
The orc warrior hits you with a +0 dire flail.
Amaemon mumbles some strange words.
8064 ||| Stepping ~*~*~tactically~*~*~ (outnumbered).
You shoot a bolt. The bolt barely misses the orc warrior.
The orc warrior hits you with a +0 dire flail!
You shoot a bolt. The bolt hits the orc warrior!!
You kill the orc warrior!
The orc wizard gestures wildly while chanting.
The orc wizard flickers and vanishes!
Deactivating autopickup; reactivate with Ctrl-A.
Amaemon barely misses you. Amaemon claws you but does no damage.
Amaemon tail-slaps you.
The orange demon stings you but does no damage.
Your Fighting skill increases to level 4!
Autopickup is now on.
You shoot a bolt. The bolt hits Amaemon!
You drain Amaemon.
Amaemon is moderately wounded.
Amaemon hits you with a +0 demon whip of venom!
Amaemon closely misses you. Amaemon tail-slaps you.
The orange demon completely misses you.
8068 ||| READING scroll of teleportation.
As you read the scroll of teleportation, it crumbles to dust.
You feel strangely unstable.
Amaemon hits you with a +0 demon whip of venom!
Amaemon barely misses you. Amaemon tail-slaps you.
The orange demon stings you from afar.
You die...

#..) ######
.###...##....#### #######
..6....?......... #<.....
?......s......... #......
....4..4......... #......
............... #<.....
#...##..# ##.##.#
#..4##6.####.####.##.# ...
#....@s......#........ ...
#............#........ ..
#........?...#........ #'
###...####...###).##..
##.####...##########).##..
#............).....)......
#............)............
#......).....)............
##...####'##.##...########


You could see Amaemon (drained), an orange demon and a scorpion (summoned).

Vanquished Creatures
  Sigmund (D:5)
  5 yaks (D:8)
  Edmund (D:5)
  Menkaure (D:6)
  2 orc warriors (D:8)
  An ice beast (D:6)
  A sky beast (D:7)
  2 ogres (D:6)
  2 phantoms
  2 bullfrogs (Sewer)
  2 scorpions
  A howler monkey (D:6)
  A hound (D:6)
  6 orc priests
  3 gnoll boudas
  Jessica (D:3)
  Terence (D:3)
  6 iguanas
  Natasha (twice) (D:4)
  3 orc wizards
  6 adders
  15 gnolls
  A river rat (D:3)
  A shadow imp (D:7)
  2 white imps
  An ufetubus (D:7)
  A dart slug (D:3)
  14 orcs
  5 endoplasms
  12 giant cockroaches
  16 goblins
  8 hobgoblins
  6 jackals
  5 quokkas
  14 ball pythons
  4 bats
  12 frilled lizards
  8 kobolds
  8 rats
183 creatures vanquished.

Vanquished Creatures (others)
  An orc wizard (D:6)
1 creature vanquished.

Grand Total: 184 creatures vanquished

Notes
Turn   | Place    | Note
-------+----------+-------------------------------------------
     0 | D:1      | qw the Deep Elf Hunter began the quest for the Orb.
     0 | D:1      | Reached XP level 1. HP: 12/12 MP: 3/3
     0 | D:1      | 0 ||| qw: Version: 0.3-a-9-g12657ce
     0 | D:1      | 0 ||| qw: Game counter: 2977
     0 | D:1      | 0 ||| qw: Always use a shield: true
     0 | D:1      | 0 ||| qw: God list: Okawaru
     0 | D:1      | 0 ||| qw: Allow faded altars: false
     0 | D:1      | 0 ||| qw: Do Orc after D:15 true
     0 | D:1      | 0 ||| qw: Do second Lair branch before Depths: true
     0 | D:1      | 0 ||| qw: Lair rune preference: random
     0 | D:1      | 0 ||| qw: Plans: Normal
     0 | D:1      | 0 ||| PLANNING D:1-11
   121 | D:1      | Reached skill level 6 in Ranged Weapons
   121 | D:1      | Reached XP level 2. HP: 16/16 MP: 4/4
   288 | D:1      | Found Qiaboq's Antique Weapon Shop.
   298 | D:1      | 298 ||| SHOPLISTING runed arbalest (232 gold, have 5).
   740 | D:1      | Reached XP level 3. HP: 20/20 MP: 5/5
   787 | D:1      | 787 ||| UPGRADING to +0 swamp dragon scales.
   797 | D:1      | 797 ||| DROPPING +0 leather armour.
   798 | D:1      | 798 ||| UPGRADING to +0 cloak.
   803 | D:1      | 803 ||| DROPPING ring of flight.
   804 | D:1      | 804 ||| READING 2 scrolls labelled RULAYNT OQOEN.
   807 | D:1      | 807 ||| READING scroll labelled VURIS CISIQ.
   807 | D:1      | Identified a scroll of acquirement
   807 | D:1      | 807 ||| ACQUIRING +0 arbalest of flaming
   807 | D:1      | Acquired a +0 arbalest of flaming
   809 | D:1      | 809 ||| SWAPPING to +0 arbalest of flaming.
   810 | D:1      | 810 ||| DROPPING +0 shortbow.
   811 | D:1      | 811 ||| DROPPING scroll of butterflies.
  1261 | D:2      | Reached skill level 7 in Ranged Weapons
  1289 | D:2      | Found a faded altar of an unknown god.
  1615 | D:2      | 1615 ||| UPGRADING to amulet of guardian spirit.
  1620 | D:2      | 1620 ||| READING scroll labelled PON ROUXAQOGE.
  1621 | D:2      | 1621 ||| READING scroll labelled VEUL TUWISE.
  1651 | D:2      | 1651 ||| READING scroll labelled ACROC RUPS.
  1652 | D:2      | 1652 ||| READING 2 scrolls labelled PADDANUUNU.
  1653 | D:2      | 1653 ||| DRINKING 3 bubbling sapphire potions.
  1654 | D:2      | 1654 ||| DROPPING scroll of amnesia.
  1712 | D:3      | 1712 ||| PLANNING SEWER
  1715 | D:3      | 1715 ||| STAIRDANCE
  1753 | D:3      | Reached XP level 4. HP: 25/25 MP: 6/6
  1782 | D:3      | Noticed Terence
  1785 | D:3      | Killed Terence
  1786 | D:3      | Reached skill level 8 in Ranged Weapons
  1814 | D:3      | 1814 ||| Stepping ~*~*~tactically~*~*~ (outnumbered).
  1883 | D:3      | Reached skill level 1 in Armour
  1883 | D:3      | Reached XP level 5. HP: 29/29 MP: 7/7
  1949 | D:3      | Noticed Jessica
  1955 | D:3      | Reached skill level 9 in Ranged Weapons
  1957 | D:3      | 1957 ||| FLEEEEING.
  1958 | D:3      | 1958 ||| FLEEEEING.
  1959 | D:3      | 1959 ||| FLEEEEING.
  1960 | D:3      | 1960 ||| FLEEEEING.
  1961 | D:3      | 1961 ||| FLEEEEING.
  1962 | D:3      | 1962 ||| FLEEEEING.
  1966 | D:3      | 1966 ||| FLEEEEING.
  1968 | D:3      | 1968 ||| FLEEEEING.
  1969 | D:3      | 1969 ||| FLEEEEING.
  1975 | D:3      | Killed Jessica
  2017 | D:3      | Reached XP level 6. HP: 35/35 MP: 8/8
  2150 | D:3      | Found a glowing drain.
  2155 | D:3      | 2155 ||| UPGRADING to +0 pair of gloves.
  2160 | D:3      | 2160 ||| READING scroll labelled ULOOTT RABE.
  2161 | D:3      | 2161 ||| READING scroll labelled XESADERAMA.
  2162 | D:3      | 2162 ||| READING scroll labelled ZOCRAS DICKO.
  2163 | D:3      | 2163 ||| READING scroll labelled ZAOHEC YQAUFOO.
  2176 | Sewer    | Entered a sewer
  2181 | Sewer    | 2181 ||| Stepping ~*~*~tactically~*~*~ (water).
  2228 | Sewer    | 2228 ||| Stepping ~*~*~tactically~*~*~ (water).
  2283 | Sewer    | 2283 ||| Stepping ~*~*~tactically~*~*~ (water).
  2288 | Sewer    | 2288 ||| Stepping ~*~*~tactically~*~*~ (water).
  2347 | Sewer    | 2347 ||| Stepping ~*~*~tactically~*~*~ (water).
  2413 | Sewer    | Reached skill level 10 in Ranged Weapons
  2710 | D:3      | 2710 ||| PLANNING D:1-11
  3260 | D:4      | Found a staircase to the Ecumenical Temple.
  3261 | D:4      | 3261 ||| PLANNING TEMPLE
  3270 | D:4      | Reached skill level 3 in Dodging
  3270 | D:4      | Reached XP level 7. HP: 40/40 MP: 9/9
  3273 | Temple   | Entered the Ecumenical Temple
  3386 | Temple   | 3386 ||| PLANNING D:1-11
  3533 | D:4      | Noticed Natasha
  3534 | D:4      | Killed Natasha
  3675 | D:4      | Noticed Natasha
  3683 | D:4      | Killed Natasha
  3684 | D:4      | Reached skill level 11 in Ranged Weapons
  3930 | D:4      | 3930 ||| READING scroll labelled TEIRUH HOSTRU.
  3974 | D:5      | Entered Level 5 of the Dungeon
  4224 | D:5      | Identified the +6 kite shield of the Earth {rPois Str+5
                  | Int-3}
  4363 | D:5      | Noticed Edmund
  4367 | D:5      | Killed Edmund
  4368 | D:5      | Reached skill level 12 in Ranged Weapons
  4545 | D:5      | Noticed Sigmund
  4549 | D:5      | Killed Sigmund
  4550 | D:5      | Reached skill level 3 in Fighting
  4550 | D:5      | Reached XP level 8. HP: 46/46 MP: 10/10
  4619 | D:5      | Found Olemeas's General Store.
  4672 | D:5      | Found the Hermit's Pendant {Faith Invo=14 Evo=0 MP+5}
  4801 | D:5      | 4801 ||| UPGRADING to Hermit's Pendant {Faith Invo=14 Evo=0
                  | MP+5}.
  4890 | D:5      | 4890 ||| DROPPING amulet of guardian spirit.
  4891 | D:5      | 4891 ||| UPGRADING to +6 ring of strength.
  4892 | D:5      | 4892 ||| READING scroll labelled RERGHOCZ AMMISE.
  4893 | D:5      | 4893 ||| READING 2 scrolls of identify.
  4893 | D:5      | 4893 ||| IDENTIFYING glowing cyan potion
  4894 | D:5      | 4894 ||| DROPPING potion of attraction.
  4910 | D:6      | 4910 ||| Stepping ~*~*~tactically~*~*~ (outnumbered).
  5331 | D:6      | Reached skill level 13 in Ranged Weapons
  5334 | D:6      | Noticed Menkaure
  5336 | D:6      | Killed Menkaure
  5601 | D:6      | 5601 ||| Stepping ~*~*~tactically~*~*~ (outnumbered).
  5604 | D:6      | 5604 ||| Stepping ~*~*~tactically~*~*~ (outnumbered).
  5605 | D:6      | 5605 ||| Stepping ~*~*~tactically~*~*~ (outnumbered).
  5606 | D:6      | 5606 ||| Stepping ~*~*~tactically~*~*~ (outnumbered).
  6151 | D:6      | 6151 ||| UPGRADING to ring of protection from fire.
  6152 | D:6      | 6152 ||| READING 4 scrolls of identify.
  6152 | D:6      | 6152 ||| IDENTIFYING pink potion
  6153 | D:6      | 6153 ||| READING 3 scrolls of identify.
  6153 | D:6      | 6153 ||| IDENTIFYING blue potion
  6154 | D:6      | 6154 ||| READING 2 scrolls of identify.
  6154 | D:6      | 6154 ||| IDENTIFYING brown potion
  6155 | D:6      | 6155 ||| DROPPING potion of brilliance.
  6156 | D:6      | 6156 ||| DROPPING potion of degeneration.
  6213 | D:7      | Reached skill level 14 in Ranged Weapons
  6215 | D:7      | HP: 11/46 [shadow imp/nerve-wracking pain (13)]
  6216 | D:7      | 6216 ||| READING 4 scrolls of teleportation.
  6218 | D:7      | Reached XP level 9. HP: 13/50 MP: 21/21
  6823 | D:7      | 6823 ||| Stepping ~*~*~tactically~*~*~ (outnumbered).
  6828 | D:7      | 6828 ||| Stepping ~*~*~tactically~*~*~ (outnumbered).
  6836 | D:7      | HP: 10/50 [gnoll bouda/+0 whip (4)]
  6837 | D:7      | 6837 ||| READING 3 scrolls of teleportation.
  7062 | D:7      | Found Imuddia's Book Emporium.
  7071 | D:7      | 7071 ||| UPGRADING to +0 pair of boots.
  7502 | D:7      | 7502 ||| READING scroll labelled PERYPHACVA.
  7503 | D:7      | 7503 ||| READING scroll labelled DUMISOALIPT.
  7604 | D:7      | 7604 ||| DRINKING 2 ruby potions.
  7702 | D:8      | 7702 ||| FLEEEEING.
  7703 | D:8      | 7703 ||| FLEEEEING.
  7704 | D:8      | 7704 ||| FLEEEEING.
  7705 | D:8      | 7705 ||| FLEEEEING.
  7835 | D:8      | Reached skill level 15 in Ranged Weapons
  7845 | D:8      | Reached skill level 6 in Dodging
  7847 | D:8      | HP: 7/50 [yak (7)]
  7848 | D:8      | 7848 ||| READING 2 scrolls of teleportation.
  7848 | D:8      | HP: 3/50 [yak (4)]
  8052 | D:8      | Noticed an orange demon
  8054 | D:8      | Noticed Amaemon
  8055 | D:8      | 8055 ||| Stepping ~*~*~tactically~*~*~ (outnumbered).
  8057 | D:8      | 8057 ||| Stepping ~*~*~tactically~*~*~ (outnumbered).
  8064 | D:8      | 8064 ||| Stepping ~*~*~tactically~*~*~ (outnumbered).
  8067 | D:8      | HP: 11/52 [Amaemon/+0 demon whip of venom (3)]
  8068 | D:8      | 8068 ||| READING scroll of teleportation.
  8068 | D:8      | HP: 4/52 [Amaemon/+0 demon whip of venom (7)]
  8068 | D:8      | HP: 1/52 [Amaemon/+0 demon whip of venom (3)]
  8068 | D:8      | Slain by an orange demon

Levels and vault maps discovered:
D:1:      heliophobic_arrival_ceremonial_halls, layout_basic, serial_shops, shop
D:2:      layout_loops_ring, shapermc_ecumenical_altar_hornbeckon,
          nicolae_hexahallways
D:3:      layout_loops_ring, portal_sewer_entry_a, uniq_jessica, uniq_terence
D:4:      layout_loops_ring, minmay_temple_entry_large_hall, uniq_natasha
D:5:      layout_gridville, serial_shops, shop_statue, uniq_sigmund, uniq_edmund
D:6:      layout_basic, uniq_menkaure, uniq_crazy_yiuf_cottage
D:7:      layout_layer_cave, serial_shops, nicolae_diamond_shop
D:8:      layout_gridville, uniq_amaemon, uniq_erica
Temple:   nicolae_temple_two_arcs

Skill      XL: |  1  2  3  4  5  6  7  8  9 |
---------------+----------------------------+-----
Ranged Weapons | 6 7 8 9 10 12 14 15 | 15.2
Armour         | 1 2 |  2.0
Fighting       | 2 3 4 |  4.0
Dodging        | 3 5 6 |  6.6
Stealth        | |  1.2

Action                     |  1- 3 |  4- 6 |  7- 9 || total
---------------------------+-------+-------+-------++-------
   Fire: Shortbow          |    58 |       |       ||    58
         Arbalest          |    32 |   155 |   248 ||   435
    Use: Scroll            |     6 |     4 |    12 ||    22
         Potion            |     1 |       |     1 ||     2
 Armour: Swamp dragon scal |     8 |    40 |    80 ||   128
  Dodge: Dodged            |    17 |    59 |    85 ||   161

Table legend:
 A = Non-vault XP
 B = Vault XP
 C = Vault XP percentage of total XP
 D = Non-vault monster count
 E = Vault monster count
 F = Vault count percentage of total count
                 A         B        C        D         E       F
            +---------+---------+-------+---------+---------+-------
      Total |    3442 |     953 |  21.7 |     142 |      42 |  22.8
            +---------+---------+-------+---------+---------+-------
        D:1 |      43 |       0 |   0.0 |      26 |       0 |   0.0
        D:2 |      32 |       0 |   0.0 |      18 |       0 |   0.0
        D:3 |     235 |     109 |  31.7 |      30 |       9 |  23.1
        D:4 |     265 |      35 |  11.7 |      13 |       1 |   7.1
        D:5 |     318 |     392 |  55.2 |      11 |       2 |  15.4
        D:6 |     815 |     169 |  17.2 |      18 |       1 |   5.3
        D:7 |     272 |       0 |   0.0 |       9 |       0 |   0.0
        D:8 |    1462 |       0 |   0.0 |      17 |       0 |   0.0
      Sewer |       0 |     248 | 100.0 |       0 |      29 | 100.0
            +---------+---------+-------+---------+---------+-------
